[ AOE2 MATCH · #505997002 ]
UnrankedDravidians vs Sicilians
Player's team · LOSS
Rival team · WIN
[ REPLAY ANALYSIS · EXTRACTED FROM THE RECORDED GAME ]
Feudal
9:51
Castle
26:11
Imperial
37:51
| APM avg | 80.1 |
| APM peak | 162 |
| eAPM avg | 57.7 |
| Villagers / military | 392 / 1281 |
Focus
⚔️ 33.6% · 🌾 66.4%
Spearman ×589 · Skirmisher ×238 · Militia ×168 · Scout Cavalry ×138 · Hand Cannoneer ×51 · Urumi Swordsman ×28
Feudal
9:16
Castle
23:37
Imperial
40:33
| APM avg | 81.0 |
| APM peak | 158 |
| eAPM avg | 47.9 |
| Villagers / military | 371 / 1543 |
Focus
⚔️ 68.2% · 🌾 31.8%
Scout Cavalry ×680 · Spearman ×283 · Skirmisher ×237 · Serjeant ×230 · Knight ×53 · Scorpion ×47
Match map
Initial resources + every placement click. Lines = walls · curves = elevation contours. ◆ gold · ⬟ stone · ● berries · ✦ relic · ◌ wall gap
Your base· ✓ Closed at 26:11 · 43t walls · 1 gate(s)
DS_Laura's base· ✓ Closed at 23:37 · 70t walls · 1 gate(s)
Smoothed initial terrain · ◌ = detected wall gap · hover for details
Inputs per minute
— acherafo1234 - - DS_Laura
Build order — acherafo1234
First 150 of 2098 actions detected
| 0:00 | Create | Villager (Male) |
| 0:00 | Create | Villager (Male) |
| 0:02 | Build | House |
| 0:02 | Build | House |
| 0:02 | Create | Villager (Male) |
| 0:09 | Create | Villager (Male) |
| 1:24 | Create | Villager (Male) |
| 1:46 | Build | Lumber Camp |
| 1:57 | Create | Villager (Male) |
| 2:13 | Create | Villager (Male) |
| 2:42 | Create | Villager (Male) |
| 2:54 | Create | Villager (Male) |
| 3:21 | Build | House |
| 3:30 | Create | Villager (Male) |
| 3:53 | Build | Mill |
| 4:02 | Create | Villager (Male) |
| 4:44 | Create | Villager (Male) |
| 4:48 | Build | House |
| 4:59 | Create | Villager (Male) |
| 5:15 | Create | Villager (Male) |
| 5:36 | Create | Villager (Male) |
| 5:36 | Create | Villager (Male) |
| 6:07 | Build | Barracks |
| 6:11 | Create | Villager (Male) |
| 7:14 | Research | Loom |
| 7:21 | Build | Mining Camp |
| 7:41 | Research | Feudal Age |
| 7:47 | Create | Militia |
| 8:02 | Create | Militia |
| 8:16 | Create | Militia |
| 8:31 | Build | Mill |
| 8:42 | Build | House |
| 8:50 | Create | Villager (Male) |
| 9:12 | Build | House |
| 9:29 | Create | Villager (Male) |
| 9:51 | Age | Feudal Age |
| 9:53 | Research | Double-Bit Axe |
| 9:54 | Research | Double-Bit Axe |
| 9:58 | Build | Archery Range |
| 10:05 | Build | Watch Tower |
| 10:10 | Build | Watch Tower |
| 10:11 | Create | Villager (Male) |
| 10:14 | Research | Man-at-Arms (upgrade) |
| 10:14 | Research | Man-at-Arms (upgrade) |
| 10:19 | Research | Arson |
| 10:44 | Build | Mining Camp |
| 10:52 | Build | House |
| 10:54 | Build | Palisade Wall |
| 10:54 | Build | Palisade Wall |
| 10:55 | Build | Palisade Wall |
| 10:55 | Build | Palisade Wall |
| 10:56 | Build | Palisade Wall |
| 10:56 | Build | Palisade Wall |
| 10:56 | Build | Palisade Wall |
| 10:57 | Build | Palisade Wall |
| 10:59 | Create | Villager (Male) |
| 11:13 | Create | Militia |
| 11:16 | Create | Skirmisher |
| 11:38 | Build | Palisade Wall |
| 11:41 | Create | Villager (Male) |
| 11:48 | Build | Blacksmith |
| 11:52 | Create | Skirmisher |
| 11:58 | Create | Villager (Male) |
| 12:13 | Build | Farm |
| 12:20 | Build | Farm |
| 12:24 | Create | Villager (Male) |
| 12:44 | Build | Farm |
| 12:45 | Create | Archer |
| 12:46 | Create | Villager (Male) |
| 12:55 | Create | Villager (Male) |
| 13:05 | Research | Fletching |
| 13:05 | Research | Fletching |
| 13:11 | Create | Archer |
| 13:32 | Create | Villager (Male) |
| 13:44 | Build | Mining Camp |
| 13:49 | Create | Archer |
| 13:54 | Build | Farm |
| 13:56 | Create | Villager (Male) |
| 14:12 | Build | Farm |
| 14:14 | Create | Villager (Male) |
| 14:19 | Create | Villager (Male) |
| 14:31 | Build | Lumber Camp |
| 14:32 | Create | Villager (Male) |
| 14:47 | Create | Villager (Male) |
| 14:51 | Build | Farm |
| 15:04 | Create | Militia |
| 15:07 | Build | House |
| 15:15 | Create | Villager (Male) |
| 15:21 | Research | Horse Collar |
| 15:21 | Research | Horse Collar |
| 15:22 | Create | Archer |
| 15:47 | Build | Farm |
| 15:48 | Create | Villager (Male) |
| 15:57 | Build | Farm |
| 16:02 | Build | Farm |
| 16:02 | Create | Villager (Male) |
| 16:14 | Create | Spearman |
| 16:16 | Build | Farm |
| 16:18 | Build | House |
| 16:21 | Build | House |
| 16:26 | Create | Archer |
| 16:40 | Create | Villager (Male) |
| 16:43 | Build | Farm |
| 16:51 | Build | House |
| 17:01 | Create | Skirmisher |
| 17:07 | Create | Spearman |
| 17:08 | Create | Villager (Male) |
| 17:19 | Build | House |
| 17:20 | Create | Skirmisher |
| 17:28 | Create | Villager (Male) |
| 17:29 | Build | Farm |
| 17:30 | Build | Farm |
| 17:34 | Create | Skirmisher |
| 17:41 | Research | Padded Archer Armor |
| 17:41 | Research | Padded Archer Armor |
| 17:49 | Build | Watch Tower |
| 18:00 | Create | Villager (Male) |
| 18:06 | Create | Skirmisher |
| 18:15 | Build | House |
| 18:18 | Create | Villager (Male) |
| 18:20 | Create | Skirmisher |
| 18:32 | Create | Villager (Male) |
| 18:34 | Build | Farm |
| 18:35 | Build | Farm |
| 18:41 | Create | Skirmisher |
| 18:50 | Create | Militia |
| 18:55 | Build | House |
| 19:00 | Create | Skirmisher |
| 19:05 | Build | Lumber Camp |
| 19:08 | Build | Palisade Wall |
| 19:10 | Create | Militia |
| 19:12 | Create | Skirmisher |
| 19:24 | Create | Villager (Male) |
| 19:27 | Build | Farm |
| 19:30 | Build | House |
| 19:32 | Build | Palisade Wall |
| 19:37 | Build | House |
| 19:40 | Create | Militia |
| 19:50 | Build | Palisade Wall |
| 19:56 | Build | House |
| 19:56 | Build | House |
| 20:04 | Create | Archer |
| 20:05 | Create | Skirmisher |
| 20:08 | Create | Militia |
| 20:14 | Research | Wheelbarrow |
| 20:23 | Build | Farm |
| 20:25 | Build | Farm |
| 20:26 | Build | Farm |
| 20:46 | Create | Militia |
| 20:49 | Research | Scale Mail Armor |
Build order — DS_Laura
First 150 of 2305 actions detected
| 0:01 | Create | Villager (Male) |
| 0:01 | Create | Villager (Male) |
| 0:02 | Create | Villager (Male) |
| 0:02 | Create | Villager (Male) |
| 0:02 | Create | Villager (Male) |
| 0:04 | Build | House |
| 0:05 | Build | House |
| 1:26 | Create | Villager (Male) |
| 1:26 | Create | Villager (Male) |
| 1:53 | Build | Lumber Camp |
| 2:01 | Create | Villager (Male) |
| 2:14 | Create | Villager (Male) |
| 2:15 | Create | Villager (Male) |
| 2:43 | Create | Villager (Male) |
| 2:44 | Create | Villager (Male) |
| 3:09 | Create | Villager (Male) |
| 3:27 | Create | Villager (Male) |
| 3:41 | Create | Villager (Male) |
| 3:51 | Build | House |
| 4:00 | Create | Villager (Male) |
| 4:27 | Create | Villager (Male) |
| 4:32 | Build | House |
| 4:48 | Build | Mill |
| 5:01 | Create | Villager (Male) |
| 5:04 | Create | Villager (Male) |
| 5:07 | Build | Palisade Wall |
| 5:10 | Build | Palisade Wall |
| 5:35 | Create | Villager (Male) |
| 5:37 | Create | Villager (Male) |
| 5:47 | Create | Villager (Male) |
| 5:49 | Build | Mill |
| 5:58 | Create | Villager (Male) |
| 5:59 | Create | Villager (Male) |
| 6:20 | Research | Loom |
| 6:41 | Build | Palisade Wall |
| 7:03 | Research | Feudal Age |
| 7:34 | Build | Palisade Wall |
| 7:58 | Build | Palisade Wall |
| 8:37 | Build | Barracks |
| 8:44 | Build | Palisade Wall |
| 9:16 | Age | Feudal Age |
| 9:16 | Create | Villager (Male) |
| 9:19 | Research | Double-Bit Axe |
| 9:19 | Research | Horse Collar |
| 9:24 | Create | Villager (Male) |
| 9:43 | Create | Villager (Male) |
| 10:02 | Build | House |
| 10:16 | Create | Villager (Male) |
| 10:19 | Build | House |
| 10:46 | Create | Villager (Male) |
| 10:57 | Build | Donjon |
| 11:11 | Create | Villager (Male) |
| 11:19 | Create | Villager (Male) |
| 11:22 | Build | Farm |
| 11:26 | Build | Farm |
| 11:27 | Build | Farm |
| 11:40 | Create | Villager (Male) |
| 12:10 | Build | Gate |
| 12:17 | Build | Blacksmith |
| 12:21 | Create | Villager (Male) |
| 12:23 | Build | Farm |
| 12:23 | Build | Farm |
| 12:24 | Build | Farm |
| 12:29 | Build | Palisade Wall |
| 12:47 | Build | Farm |
| 12:52 | Create | Villager (Male) |
| 13:15 | Create | Villager (Male) |
| 13:35 | Create | Villager (Male) |
| 13:38 | Build | Farm |
| 13:46 | Create | Villager (Male) |
| 13:46 | Create | Villager (Male) |
| 13:56 | Research | Fletching |
| 13:59 | Build | House |
| 14:10 | Build | Farm |
| 14:11 | Create | Villager (Male) |
| 14:23 | Build | House |
| 14:24 | Create | Villager (Male) |
| 14:25 | Create | Villager (Male) |
| 14:33 | Create | Villager (Male) |
| 14:53 | Build | Farm |
| 14:53 | Build | Farm |
| 14:54 | Build | Farm |
| 14:56 | Create | Villager (Male) |
| 14:59 | Build | House |
| 15:03 | Build | House |
| 15:06 | Create | Villager (Male) |
| 15:12 | Create | Villager (Male) |
| 15:13 | Create | Villager (Male) |
| 15:15 | Build | Archery Range |
| 15:20 | Create | Villager (Male) |
| 15:21 | Build | Archery Range |
| 15:30 | Create | Villager (Male) |
| 15:30 | Create | Villager (Male) |
| 15:32 | Build | House |
| 15:43 | Create | Villager (Male) |
| 15:57 | Create | Villager (Male) |
| 16:02 | Create | Skirmisher |
| 16:03 | Create | Skirmisher |
| 16:07 | Build | House |
| 16:13 | Build | House |
| 16:19 | Create | Skirmisher |
| 16:22 | Create | Villager (Male) |
| 16:23 | Create | Skirmisher |
| 16:35 | Build | Farm |
| 16:36 | Build | Farm |
| 16:38 | Create | Villager (Male) |
| 16:41 | Create | Villager (Male) |
| 16:42 | Create | Skirmisher |
| 16:50 | Build | House |
| 16:53 | Build | Stone Wall |
| 16:54 | Create | Villager (Male) |
| 16:56 | Build | House |
| 17:01 | Create | Skirmisher |
| 17:09 | Create | Villager (Male) |
| 17:12 | Create | Villager (Male) |
| 17:20 | Build | Farm |
| 17:30 | Build | Mining Camp |
| 17:45 | Create | Skirmisher |
| 17:54 | Build | House |
| 18:03 | Create | Skirmisher |
| 18:24 | Create | Skirmisher |
| 18:36 | Build | House |
| 18:41 | Create | Skirmisher |
| 18:43 | Create | Villager (Male) |
| 18:46 | Create | Villager (Male) |
| 18:47 | Create | Villager (Male) |
| 18:56 | Create | Villager (Male) |
| 18:56 | Create | Villager (Male) |
| 19:06 | Build | Mining Camp |
| 19:06 | Create | Villager (Male) |
| 19:18 | Create | Villager (Male) |
| 19:19 | Create | Villager (Male) |
| 19:20 | Create | Villager (Male) |
| 19:33 | Create | Villager (Male) |
| 19:39 | Build | Market |
| 20:13 | Build | Blacksmith |
| 20:24 | Build | House |
| 20:51 | Build | House |
| 20:57 | Build | House |
| 20:57 | Research | Castle Age |
| 20:59 | Create | Skirmisher |
| 20:59 | Create | Skirmisher |
| 21:02 | Build | House |
| 21:06 | Build | House |
| 21:12 | Create | Skirmisher |
| 21:13 | Create | Villager (Male) |
| 21:18 | Build | Donjon |
| 21:27 | Create | Skirmisher |
| 21:37 | Create | Skirmisher |
| 21:50 | Create | Skirmisher |
Match timeline
| 5:07 | DS_Laura · wall_segment Palisade Wall x4 |
| 5:10 | DS_Laura · wall_segment Palisade Wall x17 |
| 6:07 | acherafo1234 · first_building Barracks |
| 6:41 | DS_Laura · wall_segment Palisade Wall x14 |
| 7:34 | DS_Laura · wall_segment Palisade Wall x17 |
| 7:58 | DS_Laura · wall_segment Palisade Wall x13 |
| 8:37 | DS_Laura · first_building Barracks |
| 8:44 | DS_Laura · wall_segment Palisade Wall x8 |
| 9:16 | DS_Laura · age_up feudal |
| 9:51 | acherafo1234 · age_up feudal |
| 9:58 | acherafo1234 · first_building Archery Range |
| 10:54 | acherafo1234 · wall_segment Palisade Wall x1 |
| 10:54 | acherafo1234 · wall_segment Palisade Wall x1 |
| 10:55 | acherafo1234 · wall_segment Palisade Wall x1 |
| 10:55 | acherafo1234 · wall_segment Palisade Wall x1 |
| 10:56 | acherafo1234 · wall_segment Palisade Wall x1 |
| 10:56 | acherafo1234 · wall_segment Palisade Wall x1 |
| 10:56 | acherafo1234 · wall_segment Palisade Wall x1 |
| 10:57 | acherafo1234 · wall_segment Palisade Wall x1 |
| 10:57 | DS_Laura · first_building Donjon |
| 11:38 | acherafo1234 · wall_segment Palisade Wall x1 |
| 12:29 | DS_Laura · wall_segment Palisade Wall x10 |
| 15:15 | DS_Laura · first_building Archery Range |
| 16:53 | DS_Laura · wall_segment Stone Wall x1 |
| 19:08 | acherafo1234 · wall_segment Palisade Wall x6 |
| 19:32 | acherafo1234 · wall_segment Palisade Wall x6 |
| 19:50 | acherafo1234 · wall_segment Palisade Wall x23 |
| 23:23 | acherafo1234 · first_market_buy 100 food |
| 23:31 | acherafo1234 · first_market_sell 100 wood |
| 23:31 | DS_Laura · first_market_buy 100 wood |
| 23:37 | DS_Laura · age_up castle |
| 26:11 | acherafo1234 · age_up castle |
| 26:29 | acherafo1234 · first_building Siege Workshop |
| 27:16 | acherafo1234 · first_building Monastery |
| 28:29 | DS_Laura · first_building Monastery |
| 31:48 | DS_Laura · first_building Castle |
| 34:49 | DS_Laura · first_building Stable |
| 36:18 | acherafo1234 · first_building Castle |
| 37:51 | acherafo1234 · age_up imperial |
| 37:56 | DS_Laura · wall_segment Stone Wall x27 |
| 38:00 | DS_Laura · wall_segment Stone Wall x5 |
| 40:33 | DS_Laura · age_up imperial |
| 43:25 | DS_Laura · first_market_sell 100 wood |
| 46:54 | acherafo1234 · tribute_sent a jugador 1 |
| 48:36 | acherafo1234 · wall_segment Stone Wall x1 |
| 48:37 | acherafo1234 · wall_segment Stone Wall x1 |
| 48:38 | acherafo1234 · wall_segment Stone Wall x1 |
| 54:08 | acherafo1234 · wall_segment Stone Wall x22 |
| 57:01 | acherafo1234 · wall_segment Stone Wall x1 |
| 57:02 | acherafo1234 · wall_segment Stone Wall x1 |
| 58:03 | acherafo1234 · wall_segment Stone Wall x7 |
| 58:13 | acherafo1234 · wall_segment Stone Wall x6 |
| 59:23 | acherafo1234 · wall_segment Stone Wall x2 |
| 59:47 | acherafo1234 · wall_segment Stone Wall x1 |
| 59:48 | acherafo1234 · wall_segment Stone Wall x1 |
| 60:05 | DS_Laura · first_building Siege Workshop |
| 60:57 | DS_Laura · wall_segment Stone Wall x7 |
| 61:15 | acherafo1234 · wall_segment Stone Wall x20 |
| 62:03 | acherafo1234 · wall_segment Stone Wall x3 |
| 66:07 | acherafo1234 · wall_segment Stone Wall x1 |
| 70:49 | acherafo1234 · first_building Stable |
| 81:08 | DS_Laura · wall_segment Palisade Wall x7 |
| 89:09 | acherafo1234 · wall_segment Palisade Wall x1 |
| 89:16 | acherafo1234 · wall_segment Palisade Wall x1 |
| 89:17 | acherafo1234 · wall_segment Palisade Wall x1 |
| 104:31 | acherafo1234 · resign |
[ AI ANALYSIS · 1 CREDIT ]
What really happened in this match?
Wolo.gg analyzes every decision: build order, eco, micro, common mistakes by bracket. Personalized analysis on WhatsApp or Discord in 30 seconds.
Civ guide
Dravidians
Perfil
Jugador #193787